 Dungeon Sprint DCSS version 0.30-a0-782-ge64f9170bb (webtiles) character file.

Game seed: 6591514884849524472

27073 octoduck the Slayer (level 13, -3/222 HPs)
             Began as a Minotaur Fighter on Feb 19, 2023.
             Was an Elder of Jiyva.
             Constricted to death by a naga warrior (6 damage)
             ... in the Dungeon (Sprint VII: "The Pits").
             The game lasted 00:24:12 (3182 turns).

octoduck the Slayer (Minotaur Fighter)              Turns: 3182, Time: 00:24:12

Health: -3/222     AC: 21    Str: 26    XL:     13   Next: 2%
Magic:  12/12      EV: 13    Int:  5    God:    Jiyva [****..]
Gold:   76         SH:  0    Dex: 13    Spells: 12/12 levels left

rFire   + . .      SeeInvis .    C - +0 battleaxe
rCold   + . .      Faith    .    (shield currently unavailable)
rNeg    . . .      Spirit   .    z - +3 chain mail {Will+}
rPois   +          Reflect  .    (helmet restricted)
rElec   +          Harm     .    x - +0 cloak
rCorr   +          Rampage  .    (no gloves)
Will    +....      NoTele   +    (boots unavailable) Stlth
                                 (no amulet)
HPRegen 1.85/turn                o - +3 ring of strength
MPRegen 0.53/turn                k - ring of poison resistance

@: berserking, resistant, constricted, very quick
A: horns 2, retaliatory headbutt, hooves 3, iridescent scales 1, no potion heal
1
a: Renounce Religion, Oozemancy, Slimify


You were in the Dungeon.
You worshipped Jiyva.
Jiyva was greatly pleased with you.
You visited 1 branch You collected 76 gold pieces.

Inventory:

Hand Weapons
 q - a +1 broad axe of freezing
 A - a +1 arbalest of flaming
 C - a +0 battleaxe (weapon)
Missiles
 a - 4 throwing nets (quivered)
Armour
 c - a +0 buckler
 g - a +6 chain mail
 x - a +0 cloak (worn)
 z - a +3 chain mail of willpower (worn)
Jewellery
 k - a ring of poison resistance (right hand)
 n - a ring of resist corrosion
 o - a +3 ring of strength (left hand)
 p - a +3 ring of dexterity
 s - a ring of protection from cold
Wands
 b - a wand of flame (5)
 y - a wand of digging (7)
Scrolls
 j - 2 scrolls of blinking
 l - 5 scrolls of amnesia
 m - a scroll of butterflies
 t - a scroll of fog
 w - a scroll of identify
Potions
 d - 2 potions of brilliance
 e - 5 potions of curing
 f - 11 potions of heal wounds
 h - 4 potions of magic
 i - a potion of berserk rage
 r - a potion of lignification
 u - a potion of ambrosia


   Skills:
 + Level 23.3 Fighting
 - Level 20.5 Axes
 + Level 19.3 Armour
 - Level 17.6 Dodging
 - Level 3.6 Shields


You had 12 spell levels left.
You didn't know any spells.
Your spell library contained the following spells:

 Spells                   Type           Power      Damage    Failure   Level
 Leda's Liquefaction      Hex/Erth       0%         N/A       100%        4
 Lee's Rapid Deconstruct  Erth           0%         3d4*      100%        5
 Statue Form              Tmut/Erth      0%         N/A       100%        6


Dungeon Overview and Level Annotations

Branches:
Dungeon (1/1)

Altars:
Ashenzari
Cheibriados
Dithmenos
Elyvilon
Fedhas
Gozag
Hepliaklqana
Kikubaaqudgha
Makhleb
Nemelex Xobeh
Okawaru
Qazlal
Ru
Sif Muna
Trog
Uskayaw
Vehumet
Wu Jian
Xom
Yredelemnul
Zin
The Shining One
Jiyva
Lugonu


Innate Abilities, Weirdness & Mutations

You have a pair of horns on your head.
You reflexively headbutt those who attack you in melee.
You have hooves in place of feet.
You are partially covered in iridescent scales. (AC +2)
Potions are less effective at restoring your health.


Message History

The deep elf blademaster is severely wounded.
You slash the yaktaur captain!
The deep elf blademaster hits you but does no damage.
The deep elf blademaster hits you with a +0 short sword!
* * * LOW HITPOINT WARNING * * *
The yaktaur captain barely misses you.
Okay, then.
You closely miss the deep elf blademaster.
The deep elf blademaster is severely wounded.
You slice the yaktaur captain!!
The deep elf blademaster hits you but does no damage.
The deep elf blademaster completely misses you.
You slash the yaktaur captain! You kick the yaktaur captain.
You headbutt the yaktaur captain!
You kill the yaktaur captain!
You slash the deep elf blademaster!
The deep elf blademaster hits you but does no damage.
The deep elf blademaster hits you with a +0 short sword!
* * * LOW HITPOINT WARNING * * *
You have reached level 13!
You completely miss the deep elf blademaster.
Your kick misses the deep elf blademaster.
You headbutt the deep elf blademaster.
The deep elf blademaster is almost dead.
You slice the naga warrior!! You hit the deep elf blademaster.
Your kick misses the deep elf blademaster.
Your headbutt misses the deep elf blademaster.
The deep elf blademaster is almost dead.
You hit the naga warrior. The deep elf blademaster misses you.
The deep elf blademaster hits you with a +0 short sword!
* * * LOW HITPOINT WARNING * * *
You completely miss the deep elf blademaster.
Your kick misses the deep elf blademaster.
The deep elf blademaster is almost dead.
You barely miss the naga warrior.
The naga warrior hits you with a +0 war axe!
* * * LOW HITPOINT WARNING * * *
The naga warrior grabs you. The naga warrior constricts you.
You die...

'#
'###############################+
.................................
...))........)...................
.##############'J##############..
.# #......# #.. .#
##++##......##++## #.. )#
#....#..J.J.#....# #.. .#
####....###.@###....#### #.. .#
+...........Ne.........+ #.. .#
####................#### #.. .#
#..####....####..# #.. .# #..#
#....# ..# #.. .# #..+ ##..## ..#
#.. ## #### #### ### #++
############# ...)'...'...#


You could see a deep elf blademaster, a naga warrior and 3 neutral jellies
(fellow slime).

Vanquished Creatures
  An emperor scorpion (D)
  2 orc warlords (D)
  A red draconian (D)
  An eidolon (D)
  A yaktaur captain (D)
  2 vault guards (D)
  Harold (D)
  3 death yaks (D)
  2 deep elf knights (D)
  3 skeletal warriors (D)
  A flayed ghost (D)
  A sea snake (D)
  A swamp dragon (D)
  A lindwurm (D)
  A deep elf zephyrmancer (D)
  2 necromancers (D)
  2 deep elf pyromancers (D)
  12 orc knights (D)
  Maurice (D)
  2 rust devils (D)
  A smoke demon (D)
  Psyche (D)
  A molten gargoyle (D)
  A yaktaur (D)
  A freezing wraith (D)
  2 komodo dragons (D)
  An unseen horror (D)
  An ice devil (D)
  A troll (D)
  A hellwing (D)
  2 tyrant leeches (D)
  A ynoxinul (D)
  Sigmund (D)
  A wraith (D)
  2 spriggans (D)
  2 basilisks (D)
  A wyvern (D)
  A chaos spawn (D)
  A redback (D)
  A neqoxec (D)
  A small abomination (D)
  An acid dragon (D)
  A sky beast (D)
  An ice beast (D)
  2 ogres (D)
  A centaur (D)
  A necrophage (D)
  2 scorpions (D)
  3 wights (D)
  4 killer bees (D)
  2 gnoll boudas (D)
  An orc priest (D)
  2 iguanas (D)
  A hell rat (D)
  10 gnolls (D)
  An ufetubus (D)
  2 adder skeletons (D)
  2 adder simulacra (D)
  2 orcs (D)
  5 bats (D)
  A bat zombie (D)
  A giant cockroach (D)
  A hobgoblin (D)
  5 jackals (D)
  A quokka (D)
  A ball python skeleton (D)
  A bat simulacrum (D)
  A frilled lizard (D)
  A giant cockroach zombie (D)
  A jackal zombie (D)
  A quokka skeleton (D)
  A rat (D)
126 creatures vanquished.

Vanquished Creatures (others)
  3 acid blobs (D)
  An azure jelly (D)
  A shadow dragon (D)
  2 rockslimes (D)
  A quicksilver ooze (shapeshifter) (D)
  An ophan (D)
  A fire dragon (D)
  A great orb of eyes (D)
  A vault guard (D)
  A wolf spider (D)
  A meliai (shapeshifter) (D)
  2 golden eyes (D)
  A chaos spawn (D)
  30 jellies (D)
  A mummy (D)
  An adder (D)
  A jackal (D)
  A quokka (D)
51 creatures vanquished.

Grand Total: 177 creatures vanquished

Notes
Turn   | Place    | Note
-------+----------+-------------------------------------------
     0 | D        | octoduck the Minotaur Fighter began the quest for the Orb.
     0 | D        | Reached XP level 1. HP: 19/19 MP: 0/0
    36 | D        | Found a bloodstained altar of Trog.
    36 | D        | Found a shimmering blue altar of Sif Muna.
    36 | D        | Found a viscous altar of Jiyva.
    36 | D        | Found a hazy altar of Hepliaklqana.
    36 | D        | Found an opulent altar of Gozag.
    37 | D        | Found a glowing golden altar of the Shining One.
    37 | D        | Found a glowing silver altar of Zin.
    37 | D        | Found a basalt altar of Yredelemnul.
    37 | D        | Found a shimmering altar of Xom.
    37 | D        | Found an ornate altar of the Wu Jian Council.
    37 | D        | Found a sacrificial altar of Ru.
    37 | D        | Found a stormy altar of Qazlal.
    37 | D        | Found an iron altar of Okawaru.
    37 | D        | Found a sparkling altar of Nemelex Xobeh.
    37 | D        | Found a burning altar of Makhleb.
    37 | D        | Found a blossoming altar of Fedhas.
    37 | D        | Found a white marble altar of Elyvilon.
    37 | D        | Found a shadowy altar of Dithmenos.
    37 | D        | Found a snail-covered altar of Cheibriados.
    38 | D        | Found a radiant altar of Vehumet.
    38 | D        | Found a corrupted altar of Lugonu.
    39 | D        | Found a hide-covered altar of Uskayaw.
    39 | D        | Found an ancient bone altar of Kikubaaqudgha.
    39 | D        | Found a broken altar of Ashenzari.
    53 | D        | Became a worshipper of Jiyva Juosuawe the Shapeless
    54 | D        | Killed a fire dragon
    54 | D        | Killed a wolf spider
    54 | D        | Killed an ophan
    55 | D        | Killed a rockslime
    56 | D        | Killed an acid blob
    58 | D        | Killed a chaos spawn
    59 | D        | Killed a shadow dragon
    59 | D        | Killed an acid blob
    60 | D        | Killed an acid blob
    61 | D        | Killed a great orb of eyes
    65 | D        | Killed a rockslime
    72 | D        | Killed a vault guard
    76 | D        | Killed an azure jelly
    96 | D        | Killed a golden eye
   111 | D        | Noticed a scorpion
   114 | D        | Reached skill level 5 in Axes
   114 | D        | Reached XP level 2. HP: 26/26 MP: 1/1
   121 | D        | Killed a scorpion
   122 | D        | Reached XP level 3. HP: 22/31 MP: 2/2
   123 | D        | Reached XP level 4. HP: 28/39 MP: 3/3
   173 | D        | Reached skill level 10 in Axes
   237 | D        | Noticed an ice beast
   255 | D        | Killed an ice beast
   255 | D        | Killed a meliai
   256 | D        | Reached XP level 5. HP: 42/45 MP: 4/4
   257 | D        | Noticed Sigmund
   282 | D        | Killed Sigmund
   283 | D        | Reached XP level 6. HP: 51/51 MP: 5/5
   336 | D        | Reached skill level 4 in Fighting
   365 | D        | Reached skill level 5 in Armour
   508 | D        | Reached skill level 5 in Fighting
   508 | D        | Reached XP level 7. HP: 60/61 MP: 6/6
   520 | D        | Reached skill level 6 in Fighting
   573 | D        | Reached * piety under Jiyva
   582 | D        | Noticed a hellwing
   588 | D        | Killed a hellwing
   589 | D        | Reached skill level 8 in Fighting
   591 | D        | Noticed a tyrant leech
   606 | D        | Killed a tyrant leech
   607 | D        | Reached skill level 9 in Fighting
   607 | D        | Reached skill level 10 in Armour
   607 | D        | Reached XP level 8. HP: 60/78 MP: 7/7
   746 | D        | Noticed a lindwurm
   749 | D        | Reached skill level 1 in Dodging
   758 | D        | Killed a lindwurm
   798 | D        | Noticed a molten gargoyle
   816 | D        | Killed a molten gargoyle
   817 | D        | Reached XP level 9. HP: 67/85 MP: 8/8
   822 | D        | Reached ** piety under Jiyva
   822 | D        | Noticed a smoke demon
   836 | D        | Killed a smoke demon
   838 | D        | Killed an unseen horror
   901 | D        | Noticed Harold
   901 | D        | Noticed a tyrant leech
   909 | D        | Noticed Psyche
   916 | D        | Reached skill level 10 in Dodging
   917 | D        | Killed Harold
   920 | D        | Killed Psyche
   921 | D        | Reached XP level 10. HP: 93/93 MP: 9/9
   928 | D        | Reached skill level 10 in Fighting
  1140 | D        | Noticed a sea snake
  1158 | D        | Killed a sea snake
  1159 | D        | Reached skill level 11 in Fighting
  1304 | D        | Noticed a deep elf zephyrmancer
  1304 | D        | Noticed a death yak
  1304 | D        | Noticed a death yak
  1304 | D        | Noticed a death yak
  1340 | D        | Killed a deep elf zephyrmancer
  1341 | D        | Reached skill level 12 in Fighting
  1378 | D        | Noticed an emperor scorpion
  1414 | D        | Killed an emperor scorpion
  1415 | D        | Reached skill level 13 in Fighting
  1422 | D        | Killed a death yak
  1423 | D        | Reached skill level 14 in Fighting
  1476 | D        | Killed a quicksilver ooze
  1616 | D        | Killed a death yak
  1617 | D        | Reached skill level 15 in Armour
  1617 | D        | Reached XP level 11. HP: 92/111 MP: 10/10
  1621 | D        | Killed a death yak
  1622 | D        | Reached skill level 15 in Fighting
  1763 | D        | Noticed a swamp dragon
  1773 | D        | Killed a swamp dragon
  1805 | D        | Reached skill level 16 in Fighting
  1858 | D        | Noticed a deep elf pyromancer
  1891 | D        | Killed a deep elf pyromancer
  1905 | D        | Noticed a flayed ghost
  1913 | D        | Killed a flayed ghost
  1914 | D        | Reached skill level 17 in Fighting
  1952 | D        | Reached *** piety under Jiyva
  2085 | D        | Gained mutation: You have large cloven feet. [Jiyva's
                  | grace]
  2085 | D        | Gained mutation: You have hoof-like feet. [Jiyva's grace]
  2085 | D        | Gained mutation: You have hooves in place of feet. [Jiyva's
                  | grace]
  2085 | D        | Gained mutation: You are partially covered in iridescent
                  | scales. (AC +2) [Jiyva's grace]
  2089 | D        | Noticed a necromancer
  2089 | D        | Noticed Maurice
  2136 | D        | Killed Maurice
  2157 | D        | Killed a necromancer
  2284 | D        | Noticed a deep elf pyromancer
  2294 | D        | Killed a deep elf pyromancer
  2295 | D        | Reached skill level 18 in Fighting
  2324 | D        | Gained mutation: Potions are less effective at restoring
                  | your health. [a neqoxec]
  2341 | D        | Reached **** piety under Jiyva
  2373 | D        | Noticed a necromancer
  2386 | D        | Killed a necromancer
  2507 | D        | Noticed a skeletal warrior
  2507 | D        | Noticed a skeletal warrior
  2507 | D        | Noticed a skeletal warrior
  2507 | D        | Noticed an eidolon
  2547 | D        | Killed a skeletal warrior
  2548 | D        | Reached skill level 19 in Fighting
  2553 | D        | Killed an eidolon
  2554 | D        | Reached XP level 12. HP: 63/130 MP: 11/11
  2619 | D        | Noticed an orc warlord
  2619 | D        | Noticed an orc warlord
  2663 | D        | Reached skill level 20 in Fighting
  2706 | D        | Reached skill level 15 in Dodging
  2742 | D        | Killed an orc warlord
  2743 | D        | Reached skill level 21 in Fighting
  2787 | D        | Noticed a vault guard
  2814 | D        | Killed a vault guard
  2924 | D        | Reached skill level 22 in Fighting
  3020 | D        | Noticed a vault guard
  3048 | D        | Killed a vault guard
  3077 | D        | Killed an orc warlord
  3078 | D        | Reached skill level 23 in Fighting
  3109 | D        | Noticed a red draconian
  3129 | D        | Killed a red draconian
  3160 | D        | Noticed a deep elf blademaster
  3161 | D        | Noticed a yaktaur captain
  3161 | D        | Noticed a naga warrior
  3179 | D        | Killed a yaktaur captain
  3180 | D        | Reached XP level 13. HP: 22/148 MP: 12/12
  3182 | D        | HP: 3/222 [naga warrior/+0 war axe (12)]
  3182 | D        | Constricted to death by a naga warrior

Illustrated notes

Levels and vault maps discovered:
D:        pitsprint [storerooms_1, entrance_room_1, metal_vault_2, armoury_1,
          mini_pit_1, grid_room_1, main_hall_1, silver_pit, the_coven_1,
          the_vestibule_1, steel_vault_1, golden_pit, hallway_of_sentries,
          crystal_vault_1, iron_vault_3, final_vault]

Skill      XL: |  1  2  3  4  5  6  7  8  9 10 11 12 |
---------------+-------------------------------------+-----
Axes           | 5 9 13 16 18 20 | 20.5
Fighting       | 5 9 14 19 23 | 23.3
Armour         | 5 10 15 18 19 | 19.3
Dodging        | 7 11 13 17 | 17.6
Shields        | |  3.6

Action                     |  1- 3 |  4- 6 |  7- 9 | 10-12 | 13-15 || total
---------------------------+-------+-------+-------+-------+-------++-------
  Melee: War axe           |    20 |    47 |    38 |       |       ||   105
         Headbutt          |     1 |     7 |    13 |    63 |     1 ||    85
         Broad axe         |       |       |    43 |   290 |       ||   333
         Kick              |       |       |       |    60 |       ||    60
         Battleaxe         |       |       |       |    18 |     3 ||    21
 Invoke: Oozemancy         |       |       |       |     1 |       ||     1
  Evoke: Wand              |       |       |     1 |     3 |       ||     4
    Use: Potion            |       |       |    10 |     7 |       ||    17
         Scroll            |       |       |       |     2 |       ||     2
   Stab: Invisible         |       |       |     5 |     1 |       ||     6
         Petrified         |       |       |     4 |       |       ||     4
 Armour: Scale mail        |    12 |    18 |    34 |       |       ||    64
         Chain mail        |       |       |       |   111 |       ||   111
  Dodge: Dodged            |    13 |    13 |    28 |   110 |     1 ||   165
  Block: Buckler           |     6 |     5 |    11 |    41 |       ||    63

Table legend: (Time is in decaauts)
 A = Elapsed time spent in this place.
 B = Non-inter-level travel time spent in this place.
 C = Inter-level travel time spent in this place.
 D = Time resting spent in this place.
 E = Time spent auto-exploring this place.
 F = Levels seen in this place.
 G = Mean time per level.
                   A        B        C        D        E       F      G
               +--------+--------+--------+--------+--------+-----+--------+
         Total |   3098 |   2898 |    200 |   1051 |     15 |   1 | 3098.0 |
       Dungeon |   3098 |   2898 |    200 |   1051 |     15 |   1 | 3098.0 |
               +--------+--------+--------+--------+--------+-----+--------+

Top non-repeatable levels by time:
       D: 3098 daAuts
